 Dungeon Crawl Stone Soup version 0.31-a0-1-g4198be8af4 (webtiles) character file.

Game seed: 12259862843430249239

28 qeuew the Covered (level 2, 0/27 HPs)
             Began as a Minotaur Fighter on May 2, 2023.
             Slain by a gnoll
             ... wielding a +0 spear
              (1 damage)
             ... on level 2 of the Dungeon.
             The game lasted 00:00:49 (715 turns).

qeuew the Covered (Minotaur Fighter)                 Turns: 715, Time: 00:00:50

Health: 0/27       AC:  7    Str: 20    XL:     2   Next: 96%
Magic:  1/1        EV:  9    Int:  5    God:
Gold:   57         SH:  4    Dex:  9    Spells: 1/1 levels left

rFire   . . .        a - +0 war axe
rCold   . . .        c - +0 buckler
rNeg    . . .        b - +0 scale mail
rPois   .            (helmet restricted)
rElec   .            (no cloak)
rCorr   .            (no gloves)
SInv    .            (no boots)
Will    .....        (no amulet) Stlth
                     (no ring)
HPRegen 0.24/turn    (no ring)
MPRegen 0.07/turn

%: no passive effects
@: mighty
A: horns 2, retaliatory headbutt
a: no special abilities


You were on level 2 of the Dungeon.
You visited 1 branch of the dungeon, and saw 2 of its levels.

You collected 57 gold pieces.

Inventory:

Hand Weapons
 a - a +0 war axe (weapon)
Armour
 b - a +0 scale mail (worn)
 c - a +0 buckler (worn)
Scrolls
 i - a scroll of silence
Potions
 d - 2 potions of might


   Skills:
 + Level 3.8 Fighting
 * Level 3.1 Axes
 * Level 4.1 Armour
 + Level 0.5 Dodging
 + Level 3.8 Shields


You had one spell level left.
You didn't know any spells.
Your spell library contained the following spells:

 Spells                   Type           Power      Damage    Failure   Level
 Animate Armour           Summ/Erth      0%         N/A       100%        4
 Blade Hands              Tmut           0%         N/A       100%        5
 Iron Shot                Conj/Erth      0%         9d1       100%        6


Dungeon Overview and Level Annotations

Branches:
Dungeon (2/15)

Altars:


Innate Abilities, Weirdness & Mutations

You have a pair of horns on your head.
You reflexively headbutt those who attack you in melee.


Message History

Found a spear.
A gnoll is nearby!
A gnoll is nearby! 2 gnolls come into view.
The gnoll shouts! x2
A frilled lizard comes into view.
A quokka comes into view.
The frilled lizard hisses angrily.
A dart slug comes into view.
A goblin comes into view. It is wielding a +0 dagger.
A gnoll comes into view. It is wielding a +0 flail.
The gnoll hits you with a +2 heavy spear!
A bat comes into view.
You closely miss the gnoll.
The gnoll shouts!
You headbutt the gnoll, but do no damage.
The gnoll hits you with a +2 heavy spear.
You hit the gnoll. Your headbutt misses the gnoll.
The gnoll is heavily wounded.
The bat hits you but does no damage.
The gnoll hits you from afar with a +0 spear.
The bat barely misses you. You block the gnoll's attack.
The gnoll hits you from afar with a +0 spear.
The frilled lizard bites you but does no damage.
The gnoll hits you but does no damage.
You feel very mighty all of a sudden. The bat hits you.
The frilled lizard closely misses you. The gnoll closely misses you.
The gnoll hits you but does no damage.
Unknown command.
You hit the gnoll.
The gnoll is almost dead.
You slash the bat!
You kill the bat!
You completely miss the frilled lizard. You closely miss the gnoll.
The gnoll hits you with a +2 heavy spear.
* * * LOW HITPOINT WARNING * * *
The gnoll hits you with a +0 whip.
* * * LOW HITPOINT WARNING * * *
The gnoll hits you from afar with a +0 spear.
You die...

#########
#.......#
####.......#
#..........+
#.##.$.....#
#######.##.......#
#.......##.@gg.w.#
###.######rlgg...#
#.# ..).g......
#.# .≈.≈.≈.≈.≈.≈.
#.#..............
#.#≈.≈.≈.≈.≈.≈.≈.
#.#..............
#.#≈.≈.≈.≈.≈.≈.≈.
###.#


You could see 4 gnolls, a dart slug, a quokka, a goblin and a frilled lizard.

Vanquished Creatures
  A dart slug (D:1)
  2 bats
  3 endoplasms (D:1)
  2 giant cockroaches (D:1)
  4 hobgoblins
  4 jackals (D:1)
  A quokka (D:1)
  4 ball pythons (D:1)
  A frilled lizard (D:1)
  A rat (D:1)
23 creatures vanquished.

Notes
Turn   | Place    | Note
-------+----------+-------------------------------------------
     0 | D:1      | qeuew the Minotaur Fighter began the quest for the Orb.
     0 | D:1      | Reached XP level 1. HP: 19/19 MP: 0/0
   216 | D:1      | Reached XP level 2. HP: 25/27 MP: 1/1
   304 | D:1      | Reached skill level 4 in Armour
   715 | D:2      | HP: 1/27 [gnoll/+0 whip (3)]
   715 | D:2      | Slain by a gnoll

Illustrated notes

Levels and vault maps discovered:
D:1:      dpeg_arrival_arbitrary_b, layout_basic, interstate_on_off,
          grunt_decor_arrowhead
D:2:      kennysheep_the_goblin_king, layout_basic, kennysheep_crisscross,
          minmay_rat_hole, uniq_terence

Skill      XL: |  1  2 |
---------------+-------+-----
Armour         | 4 |  4.1
Axes           | 3 |  3.1
Fighting       | |  3.8
Dodging        | |  0.5
Shields        | |  3.8

Action                     || total
---------------------------++-------
  Melee: War axe           ||    47
         Headbutt          ||     7
    Use: Scroll            ||     4
         Potion            ||     1
 Armour: Scale mail        ||    33
  Dodge: Dodged            ||    29
  Block: Buckler           ||    12

Table legend: (Time is in decaauts)
 A = Elapsed time spent in this place.
 B = Non-inter-level travel time spent in this place.
 C = Inter-level travel time spent in this place.
 D = Time resting spent in this place.
 E = Time spent auto-exploring this place.
 F = Levels seen in this place.
 G = Mean time per level.
                   A        B        C        D        E       F      G
               +--------+--------+--------+--------+--------+-----+--------+
         Total |    732 |    722 |     10 |      0 |    586 |   2 |  366.0 |
       Dungeon |    732 |    722 |     10 |      0 |    586 |   2 |  366.0 |
               +--------+--------+--------+--------+--------+-----+--------+

Top non-repeatable levels by time:
     D:1: 703 daAuts
     D:2: 28 daAuts
